 Dungeon Crawl Stone Soup version 0.30-a0-782-ge64f9170bb (webtiles) character file.

Game seed: 4814165237751224503

781 Leeroy the Slasher (level 7, -1/36 HPs)
             Began as a Vine Stalker Warper on Mar 7, 2023.
             Killed from afar by Blork the orc (4 damage)
             ... with a puff of frost
             ... on level 5 of the Dungeon.
             The game lasted 00:05:12 (3591 turns).

Leeroy the Slasher (Vine Stalker Warper)            Turns: 3591, Time: 00:05:12

Health: -1/36      AC:  5    Str: 14    XL:     7   Next: 85%
Magic:  0/11       EV: 11    Int: 13    God:
Gold:   134        SH:  0    Dex: 15    Spells: 5/10 levels left

rFire   . . .      SeeInvis .    o - +2 dagger (venom)
rCold   . . .      Faith    .    (no shield)
rNeg    . . .      Spirit   +    b - +0 leather armour
rPois   .          Reflect  .    m - +0 helmet
rElec   .          Harm     .    (no cloak)
rCorr   .          Rampage  .    (no gloves)
Will    .....                    u - +0 pair of boots
Stlth   +++                      (no amulet)
HPRegen 1.06/turn                (no ring)
MPRegen 0.12/turn                (no ring)

@: about to teleport
A: fangs 2, regeneration 1, magic shield, antimagic bite, no potion heal 2
a: no special abilities


You were on level 5 of the Dungeon.
You visited 1 branch of the dungeon, and saw 5 of its levels.

You collected 134 gold pieces.

Inventory:

Hand Weapons
 a - a +0 falchion
 o - a +2 dagger of venom (weapon)
 r - a +0 rapier
Missiles
 d - 7 boomerangs of dispersal (quivered)
 s - 12 poisoned darts
Armour
 b - a +0 leather armour (worn)
 m - a +0 helmet (worn)
 u - a +0 pair of boots (worn)
Jewellery
 k - an amulet of the acrobat
 w - a +5 ring of evasion
Scrolls
 c - 2 scrolls of blinking
 h - 2 scrolls of enchant weapon
 i - a scroll of teleportation
 l - 2 scrolls of immolation {unknown}
 n - 2 scrolls of identify
 p - a scroll of enchant armour {unknown}
 q - a scroll of fog {unknown}
 t - a scroll of silence {unknown}
 x - a scroll of magic mapping {unknown}
Potions
 e - a potion of ambrosia {unknown}
 f - 2 potions of cancellation {unknown}
 j - a potion of haste {unknown}
 v - 2 potions of curing
 z - a potion of attraction {unknown}
 A - 2 potions of degeneration {unknown}


   Skills:
 - Level 3.2 Fighting
 + Level 6.3 Long Blades
 - Level 0.8 Throwing
 - Level 0.7 Armour
 - Level 1.5 Dodging
 - Level 5.2 Stealth
 - Level 2.1 Spellcasting
 - Level 3.0 Translocations


You had 5 spell levels left.
You knew the following spells:

 Your Spells              Type           Power      Damage    Failure   Level
a - Blink                 Tloc           18%        N/A       14%         2
b - Vhi's Electric Charg  Tloc/Air       10%        N/A       45%         3

Your spell library contained the following spells:

 Spells                   Type           Power      Damage    Failure   Level
 Lesser Beckoning         Tloc           18%        N/A       14%         2
 Teleport Other           Tloc           9%         N/A       28%         3
 Cigotuvi's Dreadful Rot  Necr/Pois/Air  2%         N/A       43%         2
 Poisonous Vapours        Pois/Air       2%         N/A       43%         2
 Mephitic Cloud           Conj/Pois/Air  1%         N/A       67%         3
 Manifold Assault         Tloc           9%         N/A       67%         4


Dungeon Overview and Level Annotations

Branches:
Dungeon (5/15)
 Temple: D:4-7

Altars:
Dithmenos
Ru
Sif Muna

Annotations:
D:5 Blork the orc


Innate Abilities, Weirdness & Mutations

You have extremely sharp teeth.
Your natural rate of healing is unusually fast.
When hurt, damage is shared between your health and your magic reserves.
Your bite disrupts and absorbs the magic of your enemies.
Potions cannot restore your health.


Message History

The javelin closely misses Blork the orc.
Throw: javelin
Press: ? - help, Q - select action, (/) - cycle Shift-Dir - straight line, f/p - Blork the orc
Aim: Blork the orc, wielding a +2 war axe of flaming, wearing a +0 robe and carrying a wand of digging (2) (heavily wounded, fast, very poisoned, magic disrupted, 63% to hit)
You throw a javelin.
The javelin pierces through Blork the orc.
Blork the orc is heavily wounded.
Blork the orc falters for a moment.
Blork the orc casts a spell at you. The puff of flame hits you!
* * * LOW HITPOINT WARNING * * *
Okay, then.
Okay, then.
You aren't carrying any items that you can evoke.
Unknown command.
Okay, then.
As you read the scroll labelled FEPLUH QA FAE, it crumbles to dust.
It is a scroll of identify.
h - 2 scrolls of enchant weapon Blork the orc zaps a wand.
Some rock shatters into small pieces.
As you read the scroll of identify, it crumbles to dust.
i - 2 scrolls of teleportation
Okay, then.
As you read the scroll of teleportation, it crumbles to dust.
You feel strangely unstable.
You closely miss Blork the orc. Your bite misses Blork the orc.
Blork the orc is severely wounded.
Blork the orc hits you with a +2 war axe of flaming!
* * * LOW HITPOINT WARNING * * *
Blork the orc burns you.
* * * LOW HITPOINT WARNING * * *
Blork the orc hits you with a +2 war axe of flaming.
* * * LOW HITPOINT WARNING * * *
Blork the orc burns you.
* * * LOW HITPOINT WARNING * * *
An iguana comes into view.
Blork the orc yells repeatedly.
Blork the orc casts a spell at you. The puff of frost hits you.
You die...

#..........# #.
#......>...# #.
#..........# .
#..........# .#
###....(...$#
..####.
#......(...##
.....
###..........#
#..#.##.........##
#@#.#........## #
#!.o.#......## ##
#..........## #.
#...###...#### ##.
#..##
####...####..
#..## ###.......
#.. ###..... #..#
#..##. #..# #..##.


You could see Blork the orc (fast, very poisoned).

Vanquished Creatures
  Grinder (D:3)
  A black bear (D:5)
  A phantom (D:5)
  A scorpion (D:4)
  A howler monkey (D:4)
  A hound (D:4)
  An orc priest (D:4)
  2 iguanas
  An orc wizard (D:3)
  A gnoll (D:5)
  8 adders
  A shadow imp (D:5)
  2 worms (D:2)
  2 dart slugs (D:2)
  12 orcs
  5 endoplasms
  3 giant cockroaches (D:1)
  12 goblins
  5 hobgoblins
  4 jackals (D:1)
  9 kobolds
  2 quokkas
  5 ball pythons
  6 bats
  4 frilled lizards (D:2)
  4 rats
95 creatures vanquished.

Notes
Turn   | Place    | Note
-------+----------+-------------------------------------------
     0 | D:1      | Leeroy the Vine Stalker Warper began the quest for the Orb.
     0 | D:1      | Reached XP level 1. HP: 11/11 MP: 4/4
    17 | D:1      | Reached skill level 2 in Long Blades
   115 | D:1      | Reached XP level 2. HP: 10/15 MP: 6/6
   488 | D:1      | Reached skill level 3 in Long Blades
   494 | D:1      | Reached XP level 3. HP: 18/18 MP: 7/7
   793 | D:2      | Found a faded altar of an unknown god.
   952 | D:2      | Learned a level 2 spell: Blink
   956 | D:2      | Learned a level 3 spell: Vhi's Electric Charge
   996 | D:2      | Gained mutation: Your natural rate of healing is unusually
                  | fast. [Vine Stalker growth]
   996 | D:2      | Reached XP level 4. HP: 23/23 MP: 8/8
  1017 | D:2      | Reached skill level 4 in Long Blades
  1516 | D:3      | Reached XP level 5. HP: 26/26 MP: 9/9
  2080 | D:4      | Found a shimmering blue altar of Sif Muna.
  2102 | D:3      | Reached skill level 5 in Long Blades
  2321 | D:4      | Reached XP level 6. HP: 22/32 MP: 5/10
  2385 | D:4      | Noticed an orc warrior
  2491 | D:4      | Reached skill level 1 in Stealth
  2575 | D:4      | Noticed Grinder
  2596 | D:4      | Paralysed by Grinder for 5 turns
  2626 | D:3      | Killed Grinder
  2627 | D:3      | Reached skill level 5 in Stealth
  2627 | D:3      | Reached XP level 7. HP: 15/36 MP: 3/11
  2925 | D:4      | Found a sacrificial altar of Ru.
  3067 | D:4      | Found a shadowy altar of Dithmenos.
  3132 | D:5      | Entered Level 5 of the Dungeon
  3466 | D:5      | Reached skill level 6 in Long Blades
  3572 | D:5      | Noticed Blork the orc
  3591 | D:5      | Killed from afar by Blork the orc

Illustrated notes

Levels and vault maps discovered:
D:1:      lemuel_arrival_hallway, layout_basic
D:2:      layout_rooms, hellmonk_ecumenical_altar_pennies_from_heaven
D:3:      layout_basic
D:4:      layout_cave_pools, mainiacjoe_overflow_small_starburst,
          nicolae_dithmenos_the_darkroom, mainiacjoe_overflow_six_doors_small,
          mainiacjoe_overflow_alcove_4, uniq_grinder
D:5:      minmay_recursive_quarters, layout_cave_pods,
          minmay_temple_entry_large_hall, uniq_prince_ribbit1,
          uniq_blork_the_orc

Skill      XL: |  1  2  3  4  5  6  7 |
---------------+----------------------+-----
Long Blades    | 2 3 4 5 6 |  6.3
Fighting       | 2 3 |  3.2
Stealth        | 5 |  5.2
Throwing       | |  0.8
Armour         | |  0.7
Dodging        | |  1.5
Spellcasting   | |  2.1
Translocations | |  3.0

Action                     |  1- 3 |  4- 6 |  7- 9 || total
---------------------------+-------+-------+-------++-------
  Melee: Falchion          |   110 |    56 |    10 ||   176
         Bite              |    24 |    36 |    17 ||    77
         Punch             |     1 |     2 |       ||     3
         Dagger            |       |   102 |    44 ||   146
  Throw: Dart              |       |     7 |       ||     7
         Javelin           |       |     2 |     3 ||     5
    Use: Scroll            |       |       |     4 ||     4
   Stab: Sleeping          |       |     2 |     1 ||     3
         Distracted        |       |       |     1 ||     1
 Armour: Leather armour    |    40 |    47 |    15 ||   102
  Dodge: Dodged            |    79 |    73 |    25 ||   177

Table legend: (Time is in decaauts)
 A = Elapsed time spent in this place.
 B = Non-inter-level travel time spent in this place.
 C = Inter-level travel time spent in this place.
 D = Time resting spent in this place.
 E = Time spent auto-exploring this place.
 F = Levels seen in this place.
 G = Mean time per level.
                   A        B        C        D        E       F      G
               +--------+--------+--------+--------+--------+-----+--------+
         Total |   3603 |   3433 |    170 |    349 |   2227 |   5 |  720.6 |
       Dungeon |   3603 |   3433 |    170 |    349 |   2227 |   5 |  720.6 |
               +--------+--------+--------+--------+--------+-----+--------+

Top non-repeatable levels by time:
     D:3: 1211 daAuts
     D:1: 806 daAuts
     D:2: 629 daAuts
     D:4: 500 daAuts
     D:5: 455 daAuts
